 Dungeon Crawl Stone Soup version 0.29-a0-321-gf1c400731a (webtiles) character file.

Game seed: 10339659646916987319

115 GigaChad the Bolt Thrower (level 4, -5/38 HPs)
             Began as a Minotaur Hunter on Apr 4, 2022.
             Was a Follower of Wu Jian.
             Slain by a gnoll
             ... wielding a +0 halberd
              (8 damage)
             ... on level 2 of the Dungeon.
             The game lasted 00:06:17 (1214 turns).

GigaChad the Bolt Thrower (Minotaur Hunter)         Turns: 1214, Time: 00:06:18

Health: -5/38      AC: 10    Str: 15    XL:     4   Next: 68%
Magic:  3/3        EV:  5    Int:  6    God:    Wu Jian [*.....]
Gold:   94         SH:  0    Dex: 16    Spells: 3/3 levels left

rFire   . . .      SeeInvis .   o - +0 mace (holy)
rCold   . . .      Faith    .   (no shield)
rNeg    . . .      Spirit   .   n - +0 plate armour
rPois   .          Reflect  .   (helmet restricted)
rElec   .          Harm     .   (no cloak)
rCorr   .          Rampage  .   (no gloves)
Will    .....                   (no boots)
Stlth   ..........              (no amulet)
HPRegen 0.12/turn               l - +4 ring of slaying
MPRegen 0.08/turn               (no ring)

@: no status effects
A: horns 2, retaliatory headbutt
a: Renounce Religion


You were on level 2 of the Dungeon.
You worshipped Wu Jian.
Wu Jian was aware of your devotion.
You visited 1 branch of the dungeon, and saw 2 of its levels.

You collected 94 gold pieces.

Inventory:

Hand Weapons
 a - a +2 hand crossbow
 o - a +0 mace of holy wrath (weapon)
Armour
 b - a +0 leather armour
 m - a +0 helmet
 n - a +0 plate armour (worn)
Magical Staves
 p - a staff of conjuration
Jewellery
 l - a +4 ring of slaying (left hand)
Scrolls
 c - 2 scrolls of immolation
 e - 2 scrolls of identify
 f - a scroll of amnesia {unknown}
 h - a scroll of torment {unknown}
 j - a scroll of fog
 k - a scroll of noise
Potions
 d - 2 potions of brilliance {unknown}
 g - a potion of curing {unknown}
 i - 2 potions of cancellation {unknown}


   Skills:
 + Level 3.3 Fighting
 + Level 0.1 Maces & Flails
 + Level 6.0 Crossbows
 + Level 1.0 Armour
 + Level 2.7 Dodging
 + Level 0.7 Stealth


You had 3 spell levels left.
You didn't know any spells.
Your spell library contained the following spells:

 Spells                   Type           Power      Damage    Failure   Level
 Shock                    Conj/Air       0%         1d3       100%        1
 Swiftness                Air            0%         N/A       100%        3
 Airstrike                Air            0%         N/A       100%        4


Dungeon Overview and Level Annotations

Branches:
Dungeon (2/15)

Altars:
Wu Jian


Innate Abilities, Weirdness & Mutations

You have a pair of horns on your head.
You reflexively headbutt those who attack you in melee.


Message History

The worm is almost dead.
The worm completely misses you. You furiously retaliate!
You headbutt the worm.
You kill the worm!
The Council accepts your kill. 2 gnolls come into view.
You see here a worm corpse.
A gnoll comes into view. It is wielding a +0 whip.
The gnoll shouts!
You hear a shout!
A gnoll comes into view. It is wielding a +0 whip.
You hear a shout!
The gnoll shouts!
You spin and attack the gnoll.
You hit the gnoll. You headbutt the gnoll!
The gnoll is almost dead.
The gnoll hits you with a +0 whip. The gnoll barely misses you.
The gnoll hits you but does no damage.
Your +0 mace of holy wrath stops glowing.
a - a +2 hand crossbow (weapon)
The gnoll hits you but does no damage. The gnoll hits you with a +0 whip.
The gnoll hits you from afar with a +0 halberd!
You are too injured to fight recklessly!
You are too injured to fight recklessly!
You are too injured to fight recklessly!
You are too injured to fight recklessly!
Your +0 mace of holy wrath softly glows with a divine radiance!
o - a +0 mace of holy wrath (weapon)
You sock the gnoll!
You kill the gnoll!
The Council accepts your kill.
The gnoll hits you from afar with a +0 spear.
* * * LOW HITPOINT WARNING * * *
The gnoll hits you from afar with a +0 halberd!
* * * LOW HITPOINT WARNING * * *
The gnoll barely misses you. The gnoll hits you but does no damage.
You lunge at the gnoll, but your attack speed is too slow for a blow to land.
The gnoll hits you but does no damage. The gnoll barely misses you.
You see here a +0 whip.
You sock the gnoll! Your headbutt misses the gnoll.
The gnoll is severely wounded.
The gnoll hits you with a +0 halberd!
You die...

#.# #)..# #.# #...# ...
#...# ## #.#
######.†.##.### ###
............... ...
...............
............... ...
######gg.##.### #.# #.@g#
## #.# #...# #.### ####
#...# #... ..# #.<.# #..#
#.# #...# #..#####.###...#
####..##.........##########
..........................#
####........#.#.#.#.#####.#


You could see 3 gnolls.

Vanquished Creatures
  A phantom (D:2)
  An adder (D:2)
  A gnoll (D:2)
  A worm (D:2)
  2 bats
  3 giant cockroaches
  3 goblins
  2 hobgoblins (D:2)
  A kobold (D:2)
  3 ball pythons (D:1)
  2 frilled lizards
  3 rats
23 creatures vanquished.

Notes
Turn   | Place    | Note
-------+----------+-------------------------------------------
     0 | D:1      | GigaChad the Minotaur Hunter began the quest for the Orb.
     0 | D:1      | Reached XP level 1. HP: 18/18 MP: 0/0
   330 | D:1      | Reached XP level 2. HP: 25/25 MP: 1/1
   460 | D:1      | Found a faded altar of an unknown god.
   497 | D:1      | Prayed at the altar of an unknown god.
   497 | D:1      | Became a worshipper of the Wu Jian Council
   497 | D:1      | Reached * piety under Wu Jian
   799 | D:2      | Noticed a phantom
   805 | D:2      | Killed a phantom
   806 | D:2      | Reached skill level 5 in Crossbows
   806 | D:2      | Reached skill level 1 in Armour
   806 | D:2      | Reached XP level 3. HP: 9/31 MP: 2/2
   806 | D:2      | Reached XP level 4. HP: 11/38 MP: 3/3
  1097 | D:2      | Reached skill level 6 in Crossbows
  1214 | D:2      | Slain by a gnoll

Illustrated notes

Levels and vault maps discovered:
D:1:      onia_arrival_handbag, layout_loops_ring, basic_ecumenical_altar,
          eino_curves_04
D:2:      layout_loops_cross

Skill      XL: |  1  2  3  4 |
---------------+-------------+-----
Fighting       | 3 |  3.3
Crossbows      | 5 6 |  6.0
Armour         | 1 |  1.0
Maces & Flails | |  0.1
Dodging        | |  2.7
Stealth        | |  0.7

Action                   |  1- 3 |  4- 6 || total
-------------------------+-------+-------++-------
Melee: Mace              |     2 |    22 ||    24
       Headbutt          |       |     6 ||     6
 Fire: Hand crossbow     |    29 |       ||    29
Invok: Whirlwind         |     1 |     5 ||     6
       Lunge             |       |     1 ||     1
  Use: Scroll            |     4 |       ||     4
Armor: Leather armour    |     8 |       ||     8
       Plate armour      |     4 |    27 ||    31
Dodge: Dodged            |    21 |     8 ||    29

Table legend: (Time is in decaauts)
 A = Elapsed time spent in this place.
 B = Non-inter-level travel time spent in this place.
 C = Inter-level travel time spent in this place.
 D = Time resting spent in this place.
 E = Time spent auto-exploring this place.
 F = Levels seen in this place.
 G = Mean time per level.
                   A        B        C        D        E       F      G
               +--------+--------+--------+--------+--------+-----+--------+
         Total |   1228 |   1211 |     17 |      0 |    634 |   2 |  614.0 |
       Dungeon |   1228 |   1211 |     17 |      0 |    634 |   2 |  614.0 |
               +--------+--------+--------+--------+--------+-----+--------+

Top non-repeatable levels by time:
     D:1: 675 daAuts
     D:2: 553 daAuts
